[Event "POL-chT 2nd League Juniors 2020"]
[Site "Sypniewo"]
[Date "2020.10.27"]
[Round "6.19"]
[White "Lewandowski, Wiktor"]
[Black "Gardian, Adam"]
[Result "1/2-1/2"]
[ECO "B13"]
[WhiteElo "1756"]
[BlackElo "1859"]
[Annotator "NA RC"]
[PlyCount "60"]
[EventDate "2020.10.23"]
[EventType "team-tourn"]
[EventCountry "POL"]
[SourceTitle "playchess.com"]
[Source "ChessBase"]
[SourceQuality "1"]
[TimeControl "5400+30"]

1. e4 c6 2. d4 d5 3. exd5 cxd5 4. Bd3 Nc6 5. c3 Qc7 6. Ne2 Bg4 7. f3 {[%emt 0:01:26] The old main line.} Bh5 8. Bf4 Qd7 {[%emt 0:06:45] B13: Caro-Kann: Exchange Variation and Panov-Botvinnik Attack.} 9. Nd2 Nf6 10. O-O e6 11. Nb3 Bg6 12. Ng3 {[%emt 0:07:10] [#]} b6 $146 ({Predecessor:} 12... Be7 13. Qd2 O-O 14. Rae1 b6 15. Bg5 Bxd3 16. Qxd3 Ne8 17. Bxe7 Nxe7 18. Nd2 a5 {0-1 (54) Heinemann,T (2490)-Medvegy,Z (2556) Germany 2008}) 13. a4 Bd6 14. Bxd6 Qxd6 15. f4 Bxd3 16. Qxd3 O-O 17. Rae1 a6 18. Nd2 b5 19. axb5 axb5 20. Nf3 b4 ({Don't go for} 20... Qxf4 $2 21. Ne5 $18) 21. f5 $11 bxc3 22. bxc3 Nd8 23. fxe6 Nxe6 24. Ne5 Nd7 25. Nf5 Nxe5 26. Rxe5 Qc7 27. Qf3 Rad8 28. Re3 Qd7 29. Qg4 g6 30. Rh3 f6 1/2-1/2

[Event "POL-chT 2nd League Juniors 2020"]
[Site "Sypniewo"]
[Date "2020.10.27"]
[Round "6.20"]
[White "Kubica, Dominik"]
[Black "Kolodziejski, Piotr"]
[Result "1/2-1/2"]
[ECO "B21"]
[WhiteElo "1577"]
[BlackElo "1905"]
[Annotator "RC"]
[PlyCount "74"]
[EventDate "2020.10.23"]
[EventType "team-tourn"]
[EventCountry "POL"]
[SourceTitle "playchess.com"]
[Source "ChessBase"]
[SourceQuality "1"]
[TimeControl "5400+30"]

1. e4 c5 2. d4 cxd4 3. c3 Nf6 4. e5 Nd5 5. cxd4 d6 6. Bc4 Nb6 7. Bb3 Nc6 8. Nf3 dxe5 9. Nxe5 Nxe5 10. dxe5 Qxd1+ 11. Kxd1 Bd7 12. Nc3 e6 13. Be3 Bc6 14. Rg1 Nd7 15. f4 Bc5 16. Ke2 Ke7 17. Rac1 Bxe3 18. Kxe3 Rac8 19. g3 Nc5 20. Bc2 a5 21. Ne4 Bxe4 22. Bxe4 Rhd8 23. Rg2 Nxe4 24. Rxc8 Rxc8 25. Kxe4 b5 26. Rd2 Rc4+ 27. Ke3 Rc6 28. a3 a4 29. Ke4 h5 30. h3 g6 31. g4 hxg4 32. hxg4 Rc4+ 33. Rd4 Rc2 34. Rb4 Rc5 35. Rd4 Rc2 36. Rb4 Rc5 37. Rd4 Rc2 1/2-1/2

[Event "POL-chT 2nd League Juniors 2020"]
[Site "Sypniewo"]
[Date "2020.10.27"]
[Round "6.21"]
[White "Komendecki, Antoni"]
[Black "Zaborski, Igor"]
[Result "1-0"]
[ECO "B08"]
[WhiteElo "1801"]
[BlackElo "1612"]
[Annotator "NA RC"]
[PlyCount "51"]
[EventDate "2020.10.23"]
[EventType "team-tourn"]
[EventCountry "POL"]
[SourceTitle "playchess.com"]
[Source "ChessBase"]
[SourceQuality "1"]
[TimeControl "5400+30"]

1. e4 d6 2. d4 Nf6 3. Nc3 g6 4. Nf3 Bg7 5. Be3 O-O 6. Qd2 Nc6 {[%emt 0:00:41] B08: Pirc Defence: Classical System.} 7. O-O-O a6 8. d5 Nb8 9. Bh6 {[%emt 0:03:54] [#]} e6 $146 ({Predecessor:} 9... b5 10. Bxg7 Kxg7 11. Bd3 c5 12. dxc6 Nxc6 13. Nd5 e6 14. Nf4 Bb7 15. h4 Qa5 16. Qxa5 Nxa5 {½-½ (42) Ellen,J-Tsiperstein,J Dortmund 2000}) 10. Bd3 Bxh6 11. Qxh6 Ng4 12. Qd2 Nd7 13. h3 Nge5 14. Nxe5 Nxe5 15. f4 Nd7 16. g4 Nc5 17. dxe6 fxe6 18. f5 Nxd3+ $16 19. Qxd3 exf5 20. gxf5 Qf6 21. Nd5 Qg5+ 22. Kb1 Rf7 23. Rhg1 Qh6 24. Qc4 c6 25. fxg6 hxg6 26. Rxg6+ 1-0

[Event "POL-chT 2nd League Juniors 2020"]
[Site "Sypniewo"]
[Date "2020.10.27"]
[Round "6.22"]
[White "Rozek, Michal"]
[Black "Karaszewski, Gabriel"]
[Result "1/2-1/2"]
[ECO "B30"]
[WhiteElo "1442"]
[BlackElo "1614"]
[Annotator "NA RC"]
[PlyCount "73"]
[EventDate "2020.10.23"]
[EventType "team-tourn"]
[EventCountry "POL"]
[SourceTitle "playchess.com"]
[Source "ChessBase"]
[SourceQuality "1"]
[TimeControl "5400+30"]

1. e4 c5 2. Nf3 Nc6 3. Bb5 e6 4. O-O Nge7 5. Nc3 a6 6. Bxc6 Nxc6 7. d4 cxd4 8. Nxd4 Be7 9. Nxc6 bxc6 10. e5 O-O 11. Ne4 f6 12. Bf4 fxe5 13. Bxe5 d5 14. Qg4 Rf7 15. Rad1 Qf8 16. Ng5 Rf5 17. f4 Bxg5 18. fxg5 Qc5+ 19. Bd4 Qxc2 20. Rc1 Qa4 21. Rxf5 exf5 22. Qf4 c5 23. Rxc5 Be6 24. b3 Qe8 25. Qe5 Qg6 26. Rxd5 Re8 27. Rd6 f4 28. Bc3 Qb1+ 29. Kf2 Qc2+ 30. Rd2 Qg6 31. Re2 Qf7 32. Qd4 Qc7 33. Re4 Rd8 34. Qe5 Qxe5 35. Rxe5 Bf7 36. Re4 Rc8 37. Bd2 1/2-1/2

[Event "POL-chT 2nd League Juniors 2020"]
[Site "Sypniewo"]
[Date "2020.10.27"]
[Round "6.23"]
[White "Lascar, Maria Elena"]
[Black "Hertlein, Irena"]
[Result "0-1"]
[ECO "B22"]
[WhiteElo "1552"]
[BlackElo "1893"]
[Annotator "NA RC"]
[PlyCount "82"]
[EventDate "2020.10.23"]
[EventType "team-tourn"]
[EventCountry "POL"]
[SourceTitle "playchess.com"]
[Source "ChessBase"]
[SourceQuality "1"]
[TimeControl "5400+30"]

1. e4 c5 2. c3 e6 3. Nf3 a6 4. d4 d5 5. exd5 exd5 6. Bd3 c4 {[%emt 0:05:29] B22: Sicilian: 2 c3.} 7. Bc2 Nc6 8. O-O {[%emt 0:01:14] [#]} Bg4 $146 ({Predecessor:} 8... Bd6 9. b3 cxb3 10. axb3 Nge7 11. Re1 O-O 12. Nbd2 Bf5 13. Nf1 Rc8 14. Bd2 Qd7 {½-½ (73) Karthikeyan,M (2606)-Saptarshi,R (2460) New Delhi 2020}) 9. Qe1+ Be7 10. Ne5 Nf6 11. f3 Be6 12. Nxc6 bxc6 13. b3 O-O 14. Be3 Qc7 15. Nd2 c5 16. Qf2 cxd4 17. Bxd4 Rab8 18. Rfe1 Nd7 19. f4 Nf6 20. h3 Rfe8 21. b4 Ra8 22. Re3 Nh5 23. Re5 Nf6 24. Rg5 $2 (24. Rae1 $18) 24... h6 25. Rg3 Nh5 26. Rf3 Bf6 27. Bxf6 Nxf6 28. Qd4 Qa7 29. Qxa7 Rxa7 30. g4 Bc8 31. Rf2 Rae7 32. Rd1 (32. Nf1 $17 {is a better defense.}) 32... Re1+ $2 (32... Re3 $17 33. Ba4 Rg3+ 34. Rg2 Rxg2+ 35. Kxg2 Re2+ 36. Kf1 Rh2 37. Nxc4 Rh1+ 38. Kf2 Ne4+ 39. Kf3 Rxh3+ 40. Kg2 Rg3+ 41. Kh2 Rxc3) 33. Rxe1 Rxe1+ 34. Kg2 Bb7 $17 35. Kh2 h5 36. g5 Ne4 37. Bxe4 dxe4 38. Nxc4 e3 39. Rb2 h4 40. Rg2 e2 41. Ne3 Rh1+ 0-1

[Event "POL-chT 2nd League Juniors 2020"]
[Site "Sypniewo"]
[Date "2020.10.28"]
[Round "7.1"]
[White "Chaczynski, Kamil"]
[Black "Zerebiec, Maurycy"]
[Result "1-0"]
[ECO "C16"]
[WhiteElo "1929"]
[BlackElo "1917"]
[Annotator "ChessBase"]
[PlyCount "119"]
[EventDate "2020.10.23"]
[EventType "team-tourn"]
[EventCountry "POL"]
[SourceTitle "playchess.com"]
[Source "ChessBase"]
[SourceQuality "1"]
[TimeControl "5400+30"]

1. e4 e6 2. d4 d5 3. Nc3 Bb4 4. e5 Ne7 5. a3 Bxc3+ 6. bxc3 c5 7. Bd3 Qa5 8. Bd2 Qa4 9. Qb1 c4 10. Be2 Nbc6 11. Nh3 b6 12. O-O Bd7 13. Nf4 O-O-O 14. Nh5 Rdg8 15. Qb2 h6 16. Bg4 g6 17. Nf6 Rg7 18. Qc1 g5 19. f4 gxf4 20. Bxf4 Ng8 21. Bh5 Nxf6 22. exf6 Rgh7 23. Rf3 e5 24. dxe5 Bf5 25. Rf2 Nb8 26. Qd1 Be6 27. Bg4 Bxg4 28. Qxg4+ Qd7 29. Qf3 Na6 30. Rd1 Rd8 31. Rfd2 Nc7 32. Ra1 Qe6 33. a4 h5 34. Qe3 Kb7 35. a5 Ra8 36. Qd4 Rhh8 37. Rdd1 h4 38. Be3 Rhe8 39. axb6 axb6 40. Rxa8 Rxa8 41. Qxh4 Qxe5 42. Qd4 Qxd4 43. Bxd4 Ra2 44. Re1 Ne6 45. Rxe6 fxe6 46. f7 Ra8 47. Bg7 Kc6 48. f8=Q Rxf8 49. Bxf8 b5 50. h4 Kd7 51. Kf2 e5 52. Bc5 Kc6 53. h5 Kxc5 54. h6 d4 55. cxd4+ Kxd4 56. h7 Kc3 57. h8=Q Kxc2 58. Qxe5 b4 59. Qd4 Kb3 60. Ke2 1-0

[Event "POL-chT 2nd League Juniors 2020"]
[Site "Sypniewo"]
[Date "2020.10.28"]
[Round "7.1"]
[White "Twardowski, Hubert"]
[Black "Piwowarczyk, Bartlomiej"]
[Result "1/2-1/2"]
[ECO "B40"]
[WhiteElo "1912"]
[BlackElo "1773"]
[Annotator "ChessBase"]
[PlyCount "80"]
[EventDate "2020.10.23"]
[EventType "team-tourn"]
[EventCountry "POL"]
[SourceTitle "playchess.com"]
[Source "ChessBase"]
[SourceQuality "1"]
[TimeControl "5400+30"]

1. e4 c5 2. Nf3 e6 3. d4 cxd4 4. Nxd4 Nf6 5. Bd3 Nc6 6. Nb3 d5 7. exd5 exd5 8. O-O Be7 9. Re1 O-O 10. Bf4 Be6 11. N1d2 Rc8 12. Nf3 Bg4 13. Be2 Ne4 14. Nfd4 Bxe2 15. Rxe2 Bf6 16. c3 Bxd4 17. Nxd4 Qf6 18. Be3 a6 19. Qb3 Nxd4 20. Bxd4 Qc6 21. Rae1 Rfe8 22. Re3 Nd6 23. Qd1 Nf5 24. Re5 Nxd4 25. Qxd4 Rxe5 26. Rxe5 Rd8 27. a4 h6 28. h3 Qd6 29. Re2 Qc6 30. Qd1 Qc4 31. Rd2 b5 32. Rd4 Qc5 33. axb5 axb5 34. Qd3 g6 35. b3 Kg7 36. g3 Qc6 37. Rb4 Rb8 38. Qd4+ f6 39. c4 dxc4 40. bxc4 Re8 1/2-1/2

[Event "POL-chT 2nd League Juniors 2020"]
[Site "Sypniewo"]
[Date "2020.10.28"]
[Round "7.2"]
[White "Pietrzak, Tomasz"]
[Black "Malek, Jan"]
[Result "0-1"]
[ECO "A09"]
[WhiteElo "1896"]
[BlackElo "1941"]
[Annotator "ChessBase"]
[PlyCount "52"]
[EventDate "2020.10.23"]
[EventType "team-tourn"]
[EventCountry "POL"]
[SourceTitle "playchess.com"]
[Source "ChessBase"]
[SourceQuality "1"]
[TimeControl "5400+30"]

1. Nf3 d5 2. c4 d4 3. g3 Nc6 4. Bg2 Nf6 5. O-O e5 6. d3 Be7 7. b4 Bxb4 8. Nxe5 O-O 9. Nxc6 bxc6 10. a3 Bd6 11. Bb2 Rb8 12. Bxd4 Bxg3 13. hxg3 Qxd4 14. Nd2 Be6 15. Rb1 Ng4 16. Nf3 Qc5 17. Rb3 h6 18. e3 Rfd8 19. Nd4 Qh5 20. Re1 Bd7 21. Qb1 Rb6 22. Re2 c5 23. Rxb6 cxb6 24. Nb5 Ne5 25. Nc3 Bg4 26. Rd2 Nf3+ 0-1

[Event "POL-chT 2nd League Juniors 2020"]
[Site "Sypniewo"]
[Date "2020.10.28"]
[Round "7.2"]
[White "Topola, Rafal"]
[Black "Niemier, Hubert"]
[Result "1/2-1/2"]
[ECO "B15"]
[WhiteElo "1827"]
[BlackElo "1771"]
[Annotator "NA"]
[PlyCount "90"]
[EventDate "2020.10.23"]
[EventType "team-tourn"]
[EventCountry "POL"]
[SourceTitle "playchess.com"]
[Source "ChessBase"]
[SourceQuality "1"]
[TimeControl "5400+30"]

1. e4 c6 2. d4 d5 3. Nc3 dxe4 4. Nxe4 Nf6 5. Nxf6+ exf6 6. c3 Bd6 7. Bd3 O-O 8. Qc2 Re8+ 9. Ne2 h5 10. O-O Be6 11. Bf4 Qc7 12. Bxd6 Qxd6 13. Ng3 h4 14. Ne4 Qe7 15. h3 Nd7 16. Rfe1 c5 17. Nxc5 Nxc5 18. dxc5 Qxc5 19. Qa4 Qg5 20. Rad1 Red8 21. Kf1 Bd5 22. Be4 Bxe4 23. Qxe4 Rxd1 24. Rxd1 Qb5+ 25. Qe2 Qc6 26. Rd4 Re8 27. Qc4 Qxc4+ 28. Rxc4 g5 29. Rc7 Rb8 30. Ke2 Kg7 31. b4 f5 32. c4 Kf6 33. b5 Ke6 34. c5 (34. Kd3 $142) 34... f6 {[%emt 0:00:56] [#]} 35. Kd3 $1 Kd5 36. a4 a6 {[%emt 0:08:43] [#]} 37. b6 $11 (37. Kc3 $1 $18) 37... a5 38. Kc3 f4 39. Kd3 Rd8 40. Kc3 Rb8 41. Rf7 Kxc5 42. Rxf6 Rd8 43. f3 Rd6 44. Rf5+ Rd5 45. Rf6 Rd6 1/2-1/2

[Event "POL-chT 2nd League Juniors 2020"]
[Site "Sypniewo"]
[Date "2020.10.28"]
[Round "7.3"]
[White "Trzebinski, Patryk"]
[Black "Maj, Samuel"]
[Result "0-1"]
[ECO "B40"]
[WhiteElo "1837"]
[BlackElo "1305"]
[Annotator "NA"]
[PlyCount "76"]
[EventDate "2020.10.23"]
[EventType "team-tourn"]
[EventCountry "POL"]
[SourceTitle "playchess.com"]
[Source "ChessBase"]
[SourceQuality "1"]
[TimeControl "5400+30"]

1. e4 c5 2. Nf3 e6 3. d4 cxd4 4. Nxd4 Nf6 5. Nc3 Nc6 6. Be3 Bb4 7. Bd3 d5 8. Nxc6 bxc6 9. e5 Nd7 10. Qg4 Bf8 11. f4 g6 12. h4 h5 13. Qf3 Nc5 14. O-O-O Nxd3+ 15. Rxd3 Be7 16. g4 Ba6 17. Rd2 Qc7 18. f5 hxg4 19. Qxg4 gxf5 20. Qa4 Bc8 21. h5 Bd7 22. h6 c5 23. Qf4 d4 24. h7 dxe3 25. Rg2 O-O-O 26. Rg7 Bf6 27. Rxf7 Bxe5 28. Qc4 Rhf8 29. Rxf8 Rxf8 30. Qh4 Bc6 31. Rg1 Rh8 32. Rg8+ Kb7 33. Rxh8 Bxh8 34. Qh6 f4 35. Qf8 Qxh7 36. Qxf4 Bxc3 37. bxc3 e2 38. Kd2 Qe4 0-1

[Event "POL-chT 2nd League Juniors 2020"]
[Site "Sypniewo"]
[Date "2020.10.28"]
[Round "7.3"]
[White "Skrzypinski, Jan"]
[Black "Nowak, Filip"]
[Result "1-0"]
[ECO "C54"]
[WhiteElo "1418"]
[BlackElo "1871"]
[Annotator "NA"]
[PlyCount "55"]
[EventDate "2020.10.23"]
[EventType "team-tourn"]
[EventCountry "POL"]
[SourceTitle "playchess.com"]
[Source "ChessBase"]
[SourceQuality "1"]
[TimeControl "5400+30"]

1. e4 e5 2. Nf3 Nc6 3. Bc4 Bc5 4. c3 Nf6 5. d3 d6 6. O-O a6 7. Bb3 O-O 8. Nbd2 h6 9. h3 Re8 10. Re1 Be6 11. Bc2 d5 12. Nf1 Qd7 13. Be3 Bxe3 14. Nxe3 Rad8 15. Nh4 g6 16. Qf3 Kg7 17. Rad1 b5 18. exd5 Nxd5 19. Nxd5 Bxd5 20. Qg3 b4 (20... Kf8 $11 {keeps the balance.}) 21. c4 Be6 22. Ba4 g5 $2 (22... Qd6 $16 {was called for.}) 23. Nf3 $18 f6 24. d4 e4 25. d5 exf3 26. Bxc6 Qe7 27. Bxe8 Qxe8 28. Qxf3 1-0

[Event "POL-chT 2nd League Juniors 2020"]
[Site "Sypniewo"]
[Date "2020.10.28"]
[Round "7.4"]
[White "Filipska, Maja"]
[Black "Uliasz, Katarzyna"]
[Result "*"]
[ECO "B13"]
[WhiteElo "1849"]
[BlackElo "1495"]
[Annotator "NA"]
[PlyCount "23"]
[EventDate "2020.10.23"]
[EventType "team-tourn"]
[EventCountry "POL"]
[SourceTitle "playchess.com"]
[Source "ChessBase"]
[SourceQuality "1"]
[TimeControl "5400+30"]

1. e4 c6 2. d4 d5 3. exd5 cxd5 4. Bd3 Nf6 5. Bf4 Nc6 6. c3 Bg4 7. Qb3 Qd7 8. Nd2 e6 9. Ngf3 a6 10. O-O Be7 11. h3 Bh5 12. Qc2 *

[Event "POL-chT 2nd League Juniors 2020"]
[Site "Sypniewo"]
[Date "2020.10.28"]
[Round "7.4"]
[White "Zimny, Jakub"]
[Black "Kaczmarek, Jan"]
[Result "1/2-1/2"]
[ECO "B32"]
[WhiteElo "1569"]
[BlackElo "1229"]
[Annotator "NA"]
[PlyCount "60"]
[EventDate "2020.10.23"]
[EventType "team-tourn"]
[EventCountry "POL"]
[SourceTitle "playchess.com"]
[Source "ChessBase"]
[SourceQuality "1"]
[TimeControl "5400+30"]

1. e4 c5 2. Nf3 Nc6 3. d4 cxd4 4. Nxd4 e5 5. Nb5 a6 6. Nd6+ Bxd6 7. Qxd6 Qe7 8. Qd1 Nf6 9. Nc3 d6 10. Bg5 Be6 11. Be2 O-O 12. Qd2 Rac8 13. O-O-O Nd4 14. f3 d5 15. Bxf6 gxf6 16. exd5 Rxc3 17. bxc3 Qa3+ 18. Kb1 Bxd5 19. c4 Rc8 20. cxd5 Rxc2 21. Qxc2 Nxc2 22. Kxc2 Qxa2+ 23. Kd3 Qxd5+ 24. Kc3 Qa5+ 25. Kd3 Qb5+ 26. Ke3 Qc5+ 27. Kd2 Qb4+ 28. Kc2 Qa4+ 29. Kd2 Qb4+ 30. Kc2 Qa4+ 1/2-1/2

[Event "POL-chT 2nd League Juniors 2020"]
[Site "Sypniewo"]
[Date "2020.10.28"]
[Round "7.5"]
[White "Filipska, Maja"]
[Black "Uliasz, Katarzyna"]
[Result "1-0"]
[ECO "B40"]
[WhiteElo "1849"]
[BlackElo "1495"]
[Annotator "NA"]
[PlyCount "89"]
[EventDate "2020.10.23"]
[EventType "team-tourn"]
[EventCountry "POL"]
[SourceTitle "playchess.com"]
[Source "ChessBase"]
[SourceQuality "1"]
[TimeControl "5400+30"]

1. e4 c5 2. Nf3 e6 3. d4 cxd4 4. Nxd4 Nf6 5. Bd3 Nc6 6. Be3 d5 7. exd5 Nxd5 8. Nxc6 bxc6 9. Be4 Qc7 10. Qf3 f5 11. Bd3 Rb8 12. O-O Bd6 13. Qh5+ g6 14. Qh3 Be5 15. Nd2 Nxe3 16. Qxe3 Bxh2+ 17. Kh1 Bf4 18. Qe2 Bxd2 19. Qxd2 O-O 20. Bc4 c5 21. Rfe1 Rd8 22. Qg5 Re8 23. Re3 Qg7 24. Rae1 Rb6 25. Re5 h6 26. Qe3 Bd7 27. b3 Rc6 28. Rxc5 Rxc5 ({Better is} 28... f4 $1 $14 29. Qe5 Qxe5 30. Rcxe5 Kg7) 29. Qxc5 Bc8 30. Qd6 Qf6 31. a4 Kf7 32. Qc7+ Qe7 33. Qe5 Bb7 34. Rd1 h5 35. Qf4 g5 $2 ({Better is} 35... Rd8 $14 36. Bxe6+ Kxe6 37. Re1+ Be4) 36. Qxf5+ Kg7 37. Qe5+ Kf7 38. Rd6 Bc8 $2 (38... Qf6 39. Rd7+ Re7 40. Rxe7+ Qxe7) 39. Rc6 Rd8 {[%emt 0:01:12] [#]} 40. Rc7 $1 Bd7 41. Bb5 Kg6 42. Qd4 e5 43. Rxd7 Rxd7 44. Qxd7 Qf8 $18 45. Qe8+ 1-0

[Event "POL-chT 2nd League Juniors 2020"]
[Site "Sypniewo"]
[Date "2020.10.28"]
[Round "7.5"]
[White "Niemier, Martyna"]
[Black "Jedrzejko, Martyna"]
[Result "1/2-1/2"]
[ECO "A11"]
[WhiteElo "1235"]
[BlackElo "1618"]
[Annotator "NA"]
[PlyCount "71"]
[EventDate "2020.10.23"]
[EventType "team-tourn"]
[EventCountry "POL"]
[SourceTitle "playchess.com"]
[Source "ChessBase"]
[SourceQuality "1"]
[TimeControl "5400+30"]

1. c4 c6 2. Nc3 d5 3. cxd5 cxd5 4. d4 Nf6 5. Nf3 Nc6 6. Bf4 a6 7. e3 Bg4 8. h3 Bxf3 9. Qxf3 e6 10. a3 Bd6 11. Bxd6 Qxd6 12. Bd3 b5 13. O-O O-O 14. Ne2 Na5 15. b4 Nc4 16. Qf4 Qxf4 17. Nxf4 Rfc8 18. Ra2 Rc7 19. Rc1 Rac8 20. Rac2 Ne8 21. Bxc4 dxc4 22. f3 Nf6 23. Kf2 Kf8 24. Nd3 Nd7 25. Nc5 Nxc5 26. dxc5 Rd7 27. Ke2 Rcd8 28. Ra1 Rd3 29. Raa2 Ke7 30. e4 e5 31. h4 f6 32. h5 g6 33. hxg6 hxg6 34. Rd2 Rxd2+ 35. Rxd2 Rxd2+ 36. Kxd2 1/2-1/2

[Event "POL-chT 2nd League Juniors 2020"]
[Site "Sypniewo"]
[Date "2020.10.28"]
[Round "7.6"]
[White "Gornisiewicz, Zuzanna"]
[Black "Konkol, Sandra"]
[Result "0-1"]
[ECO "B13"]
[WhiteElo "1023"]
[BlackElo "1235"]
[Annotator "NA"]
[PlyCount "58"]
[EventDate "2020.10.23"]
[EventType "team-tourn"]
[EventCountry "POL"]
[SourceTitle "playchess.com"]
[Source "ChessBase"]
[SourceQuality "1"]
[TimeControl "5400+30"]

1. e4 c6 2. d4 d5 3. exd5 cxd5 4. Bd3 Nc6 5. c3 Qc7 6. Be3 Nf6 7. Nd2 e6 8. Ngf3 Bd7 9. O-O Bd6 10. Bg5 h6 11. Bh4 Ng4 12. Bg3 Bxg3 13. hxg3 h5 14. c4 h4 15. gxh4 dxc4 16. Bxc4 Nxd4 17. Rc1 Bc6 18. Be2 Rd8 19. g3 Ne3 20. Qe1 Ndc2 21. Rxc2 Nxc2 22. Qc1 Nd4 23. Nxd4 Rxd4 24. Qc3 Rdxh4 25. gxh4 Rxh4 26. Nf3 Rg4+ 27. Kh1 Bxf3+ 28. Qxf3 Rh4+ 29. Kg1 Qh2# 0-1

[Event "POL-chT 2nd League Juniors 2020"]
[Site "Sypniewo"]
[Date "2020.10.28"]
[Round "7.7"]
[White "Gardian, Adam"]
[Black "Posluszny, Tomasz"]
[Result "1-0"]
[ECO "B56"]
[WhiteElo "1859"]
[BlackElo "2050"]
[Annotator "ChessBase"]
[PlyCount "33"]
[EventDate "2020.10.23"]
[EventType "team-tourn"]
[EventCountry "POL"]
[SourceTitle "playchess.com"]
[Source "ChessBase"]
[SourceQuality "1"]
[TimeControl "5400+30"]

1. e4 c5 2. Nf3 d6 3. d4 cxd4 4. Nxd4 Nf6 5. Nc3 Bd7 6. Bg5 e6 7. f4 Be7 8. Qf3 h6 9. Bxf6 Bxf6 10. O-O-O a6 11. e5 dxe5 12. fxe5 Bxe5 13. Qxb7 Qc7 14. Qxa8 Bxd4 15. Rxd4 Bc6 16. Rc4 O-O 17. Bd3 1-0

[Event "POL-chT 2nd League Juniors 2020"]
[Site "Sypniewo"]
[Date "2020.10.28"]
[Round "7.7"]
[White "Ursnik, Patryk"]
[Black "Krawczyk, Wojciech"]
[Result "0-1"]
[ECO "B02"]
[WhiteElo "1645"]
[BlackElo "2036"]
[Annotator "ChessBase"]
[PlyCount "84"]
[EventDate "2020.10.23"]
[EventType "team-tourn"]
[EventCountry "POL"]
[SourceTitle "playchess.com"]
[Source "ChessBase"]
[SourceQuality "1"]
[TimeControl "5400+30"]

1. e4 Nf6 2. Nc3 d5 3. exd5 Nxd5 4. Bc4 c6 5. Qf3 e6 6. Nge2 Bd6 7. d4 Qf6 8. Ne4 Bb4+ 9. c3 Qxf3 10. gxf3 Be7 11. Bd3 Nd7 12. Rg1 g6 13. Be3 Nxe3 14. fxe3 Nf6 15. N4g3 b6 16. a4 a5 17. e4 Bb7 18. Kf2 O-O-O 19. Rgd1 c5 20. Bb5 Kc7 21. Nf1 Nd7 22. d5 exd5 23. exd5 Ne5 24. c4 Bc8 25. Ne3 Bd6 26. Nc3 f5 27. Ne2 g5 28. Ng2 f4 29. Nc3 Bf5 30. Ba6 Nd3+ 31. Kg1 Be5 32. Rd2 h5 33. Rad1 Nxb2 34. Rxb2 Bxc3 35. Re2 Bd4+ 36. Kh1 Rde8 37. Rde1 Rxe2 38. Rxe2 Kd6 39. h4 g4 40. Nxf4 gxf3 41. Re1 f2 42. Rf1 Rg8 0-1

[Event "POL-chT 2nd League Juniors 2020"]
[Site "Sypniewo"]
[Date "2020.10.28"]
[Round "7.8"]
[White "Oleksy, Krzysztof"]
[Black "Kubica, Dominik"]
[Result "1/2-1/2"]
[ECO "B10"]
[WhiteElo "1934"]
[BlackElo "1577"]
[Annotator "NA"]
[PlyCount "121"]
[EventDate "2020.10.23"]
[EventType "team-tourn"]
[EventCountry "POL"]
[SourceTitle "playchess.com"]
[Source "ChessBase"]
[SourceQuality "1"]
[TimeControl "5400+30"]

1. e4 c6 2. Ne2 d5 3. e5 Bg4 4. h3 Bxe2 5. Qxe2 e6 6. g3 c5 7. Bg2 Nc6 8. c3 Qg5 9. O-O Qxe5 10. Qxe5 Nxe5 11. Bxd5 O-O-O 12. Bg2 Nd3 13. Be4 Nf6 14. Bxd3 Rxd3 15. Na3 Bd6 16. Re1 Bc7 17. b3 h5 18. Nc4 h4 19. Nb2 Rdd8 20. g4 Nd5 21. d4 cxd4 22. cxd4 Nb4 23. Re2 Rxd4 24. Be3 Rd7 25. a4 Nd5 26. Bxa7 b6 27. a5 Kb7 ({Black should play} 27... bxa5 $17 28. Be3 Nxe3 29. Rxe3 Rhd8) 28. Bxb6 Bxb6 29. axb6 Nxb6 30. Na4 Nxa4 31. Rxa4 Ra8 32. Rb4+ Kc8 33. Rc2+ Rc7 34. Rxc7+ Kxc7 35. g5 Ra5 36. Rxh4 Rxg5+ 37. Rg4 Rb5 38. Rxg7 Rxb3 39. Rxf7+ Kd6 40. Kg2 e5 41. h4 Ke6 42. Rf3 Rb7 43. Kh3 e4 44. Rf8 Re7 45. Kg4 ({White should play} 45. h5 $16) 45... Ke5 46. Kg5 Rg7+ 47. Kh6 Rg2 48. h5 Ke6 49. Kh7 Rg4 50. h6 Ke7 51. Rg8 Rf4 52. Rg2 Kf7 53. Rg7+ Kf8 54. Rg8+ Kf7 55. Rg2 Rf3 56. Rg4 Rxf2 57. Rxe4 Rf1 58. Rg4 Rf2 $11 59. Rg7+ Kf8 60. Rg8+ Kf7 61. Ra8 1/2-1/2

[Event "POL-chT 2nd League Juniors 2020"]
[Site "Sypniewo"]
[Date "2020.10.28"]
[Round "7.8"]
[White "Cieply, Krzysztof"]
[Black "Duda, Szymon"]
[Result "*"]
[ECO "B32"]
[WhiteElo "1573"]
[BlackElo "1529"]
[Annotator "NA"]
[PlyCount "26"]
[EventDate "2020.10.23"]
[EventType "team-tourn"]
[EventCountry "POL"]
[SourceTitle "playchess.com"]
[Source "ChessBase"]
[SourceQuality "1"]
[TimeControl "5400+30"]

1. e4 c5 2. Nf3 Nc6 3. d4 cxd4 4. Nxd4 Nf6 5. Nc3 e5 6. Ndb5 d6 7. Bg5 a6 8. Na3 b5 9. Nd5 Be7 10. Bxf6 Bxf6 11. c4 b4 12. Nc2 a5 13. Qf3 O-O *

[Event "POL-chT 2nd League Juniors 2020"]
[Site "Sypniewo"]
[Date "2020.10.28"]
[Round "7.8"]
[White "Wrona, Florian"]
[Black "Bialik, Nikodem"]
[Result "0-1"]
[ECO "B33"]
[WhiteElo "1463"]
[BlackElo "1547"]
[Annotator "NA"]
[PlyCount "102"]
[EventDate "2020.10.23"]
[EventType "team-tourn"]
[EventCountry "POL"]
[SourceTitle "playchess.com"]
[Source "ChessBase"]
[SourceQuality "1"]
[TimeControl "5400+30"]

1. e4 c5 2. Nf3 Nc6 3. d4 cxd4 4. Nxd4 Nf6 5. Nc3 e5 6. Ndb5 d6 7. Bg5 a6 8. Na3 b5 9. Nd5 Be7 10. Bxf6 Bxf6 11. c4 b4 12. Nc2 a5 13. Qf3 O-O 14. Nxf6+ Qxf6 15. Qxf6 gxf6 16. O-O-O Rd8 17. c5 Be6 18. Bb5 Na7 19. Ba4 dxc5 20. b3 Kf8 21. f3 Ke7 22. g4 Rac8 23. Rxd8 Rxd8 24. Rd1 Rxd1+ 25. Kxd1 Kd6 26. Ne3 Nc8 27. Bb5 Na7 28. Bc4 Nc6 29. Ke1 Kc7 30. h4 Nd4 31. Kf2 h6 32. Nd5+ Bxd5 33. Bxd5 Nb5 34. Bxf7 Nc3 35. Ke3 Kd6 36. f4 Nd1+ 37. Ke2 Nc3+ 38. Ke3 Nxa2 39. h5 Nc3 40. g5 exf4+ 41. Kxf4 fxg5+ 42. Kf5 g4 43. e5+ Ke7 44. Bc4 g3 45. Bf1 c4 46. Kg6 cxb3 47. Kxh6 b2 48. Bd3 g2 49. e6 g1=Q 50. Kh7 Kf6 51. h6 b1=Q 0-1